 Dungeon Sprint DCSS version 0.20-a0-689-g860b9ab (webtiles) character file.

16429 Kidiri the Eclecticist (level 12, -7/67 HPs)
             Began as a Deep Elf Fire Elementalist on Feb 19, 2017.
             Was the Champion of Vehumet.
             Mangled by Rupert
             ... wielding a +6 battleaxe of electrocution
              (19 damage)
             ... while paralysed by Rupert
             ... in the Dungeon (Sprint III: "The Ten Rune Challenge").
             The game lasted 00:32:53 (5556 turns).

Kidiri the Eclecticist (Deep Elf Fire Elementalist) Turns: 5556, Time: 00:32:54

Health: -7/67      AC:  4    Str:  7    XL:     12   Next: 10%
Magic:  31/35      EV:  2    Int: 26    God:    Vehumet [******]
Gold:   4634       SH:  0    Dex: 17    Spells: 5/46 levels left

rFire    . . .     SeeInvis .   l - +3 dagger (drain)
rCold    . . .     Gourm    .   a - +0 robe
rNeg     . . .     Faith    .   q - +0 buckler
rPois    .         Spirit   .   (no helmet)
rElec    .         Reflect  .   (no cloak)
rCorr    .         Harm     .   (no gloves)
MR       +....     Clarity  +   j - +0 pair of boots Stlth ++........NoTele +
                                (no amulet)
Regen    0.3/turn               (no ring)
MPRegen  0.3/turn               (no ring)

@: paralysed, very slightly contaminated, hasted
A: agile 1, blurry vision 1, clarity, frail 1, strong 1, wild magic 1
a: Renounce Religion


You were in the Dungeon.
You worshipped Vehumet.
Vehumet was exalted by your worship.
You were full.

You visited 1 branch You collected 4901 gold pieces.
You spent 267 gold pieces at shops.

Inventory:

Hand Weapons
 l - a +3 dagger of draining (weapon)
Armour
 a - a +0 robe (worn)
 j - a +0 pair of boots (worn)
 q - a +0 buckler (worn)
Scrolls
 m - a scroll of immolation
 o - 3 scrolls of remove curse
Potions
 d - a potion of curing
 g - a potion of magic
 h - 2 potions of berserk rage
 t - a potion of might
Comestibles
 b - 23 royal jellies
 c - a bread ration
 i - 4 chunks of flesh


   Skills:
 + Level 8.4 Fighting
 + Level 9.5 Short Blades
 + Level 8.5 Armour
 - Level 10.4 Dodging
 - Level 2.4 Stealth
 + Level 4.4 Shields
 * Level 17.5 Spellcasting
 + Level 11.0 Conjurations
 + Level 11.5 Fire Magic
 + Level 8.8 Ice Magic
 + Level 8.0 Air Magic
 + Level 7.0 Earth Magic
 + Level 7.0 Poison Magic


You had 5 spell levels left.
You knew the following spells:

 Your Spells              Type           Power        Failure   Level  Hunger
a - Flame Tongue          Conj/Fire      #####        1%          1    None
b - Throw Flame           Conj/Fire      ######       1%          2    None
c - Conjure Flame         Conj/Fire      #######.     1%          3    None
d - Inner Flame           Hex/Fire       ######..     1%          3    None
e - Sticky Flame          Conj/Fire      #######.     1%          4    None
f - Fireball              Conj/Fire      #######...   1%          5    None
g - Bolt of Magma         Conj/Fire/Erth #######...   1%          5    None
h - Freeze                Ice            ####         1%          1    None
i - Shock                 Conj/Air       ####         1%          1    None
j - Lightning Bolt        Conj/Air       #######...   1%          5    None
k - Stone Arrow           Conj/Erth      ######       1%          3    None
l - Mephitic Cloud        Conj/Pois/Air  ######..     1%          3    None
m - Lee's Rapid Deconstr  Erth           ######....   2%          5    None


Dungeon Overview and Level Annotations

Branches:
Dungeon (1/1)

Altars:
Cheibriados
Dithmenos
Elyvilon
Fedhas
Gozag
Hepliaklqana
Kikubaaqudgha
Makhleb
Nemelex Xobeh
Okawaru
Qazlal
Ru
Sif Muna
Trog
Uskayaw
Vehumet
Xom
Yredelemnul
Zin
The Shining One
Beogh
Jiyva
Lugonu

Shops:
D (

Annotations:
D exclusion: door, Rupert


Innate Abilities, Weirdness & Mutations

You are agile. (Dex +2)
Scrolls take you a little longer to read.
You possess an exceptional clarity of mind.
You are frail. (-10% HP)
Your muscles are strong. (Str +2)
Your spells are a little harder to cast, but a little more powerful.


Message History

You enter the shallow water.
Moving in this stuff is going to be slow.
There is an open door, spattered with blood here.
You enter the shallow water.
Moving in this stuff is going to be slow.
Casting: Conjure Flame
Confirm with . or Enter, or press ? or * to list all spells.
Aiming: Bolt of Magma
Press: ? - help, Shift-Dir - straight line, f - Rupert
Aim: Rupert, wielding a battleaxe of electrocution and wearing a ring mail (berserk, fast, unusually strong)
The bolt of magma hits Rupert.
Rupert is lightly wounded.
Rupert is no longer berserk.
Rupert roars wildly at you.
You suddenly lose the ability to move!
Rupert hits you with a battleaxe of electrocution!
You are electrocuted!
* * * LOW HITPOINT WARNING * * *
Rupert hits you with a battleaxe of electrocution!!
You die...

'.⌠........#...#..##.##.'...#*,.)
#...######'#.#..#############***#
#.⌠.#__#...#§####################
#...#__#...#§.§§§§.#.'...+.#.#.#.
#'###__#...#.#§≈§#.#.#...##.#.#.#
#...#__#...'.#.§.#.#.#...#.#.#.#.
#___#__+...#.#...#...#)..##.#.#.#
▓▓▓▓▓▓▓▓▓▓▓▓▓▓▓▓▓▓▓▓▓▓▓▓▓#.#.#.#.
....♣♣♣♣≈≈≈....@@..≈≈≈...##.#.#.#
≈≈≈≈'♣♣'♣≈≈≈≈≈≈≈≈≈≈≈≈♣♣P.'.#.#.#.
÷@..#.≈♣♣♣♣♣♣♣♣♣♣♣♣♣♣♣♣PP##.#.#.#
♣.♣♣#..♣♣ ♣♣♣##+##### ♣♣♣
###'♣♣♣♣♣*************,,,+,≈≈
♣♣♣♣.##..##≈≈≈≈≈≈,,*,,*,,,*,≈≈ *
♣...##.##.#≈≈≈≈≈,,,*,,*,,,*,*≈ *
♣♣.##.##.##+≈≈≈≈≈****+*****,*, *
♣..#.##...#≈≈,,,,,,,,*,,,,,**


You could see Rupert.

Vanquished Creatures
  3 deep elf demonologists (D)
  A deep elf death mage (D)
  Snorg (D)
  A centaur warrior (D)
  Urug (D)
  An orc high priest (D)
  3 deep elf knights (D)
  An unseen horror (D)
  A lindwurm (D)
  3 deep elf magi (D)
  An orc sorcerer (D)
  2 spiny frogs (D)
  A rime drake (D)
  A komodo dragon (D)
  3 wandering mushrooms (D)
  A queen bee (D)
  5 blink frogs (D)
  2 tyrant leeches (D)
  A shadow (D)
  3 redbacks (D)
  A spatial vortex (D)
  A swamp drake (D)
  An orc warrior (D)
  A necrophage (D)
  2 centaurs (D)
  An earth elemental (D)
  A water elemental (D)
  32 killer bees (D)
  A jelly (D)
  2 orc priests (D)
  3 orc wizards (D)
  A wizard (D)
  A necromancer (D)
  A kobold demonologist (D)
  3 humans (D)
  A wolf (D)
  An ooze (D)
  10 orcs (D)
  3 rats (D)
103 creatures vanquished.

Vanquished Creatures (others)
  2 draconian scorchers (D)
  6 hellions (D)
  2 yaktaurs (D)
  9 plants (D)
19 creatures vanquished.

Grand Total: 122 creatures vanquished

Notes
Turn   | Place    | Note
-------+----------+-------------------------------------------
     0 | D        | Kidiri the Deep Elf Fire Elementalist began the quest for the Orb.
     0 | D        | Reached XP level 1. HP: 10/10 MP: 6/6
    24 | D        | Killed a yaktaur
    68 | D        | Reached skill level 4 in Spellcasting
   121 | D        | Killed a hellion
   122 | D        | Killed a hellion
   143 | D        | Reached skill level 1 in Fighting
   143 | D        | Reached skill level 1 in Armour
   143 | D        | Reached skill level 5 in Spellcasting
   143 | D        | Reached XP level 2. HP: 6/16 MP: 0/10
   146 | D        | Killed a white draconian scorcher
   147 | D        | Learned a level 2 spell: Throw Flame
   151 | D        | Killed a hellion
   172 | D        | Killed a hellion
   177 | D        | Killed a hellion
   188 | D        | Killed a hellion
   361 | D        | Killed a white draconian scorcher
   365 | D        | Reached XP level 3. HP: 16/20 MP: 2/12
   370 | D        | Learned a level 3 spell: Conjure Flame
   374 | D        | Learned a level 3 spell: Inner Flame
   392 | D        | Gained mutation: You have a pair of small horns on your head. [potion of mutation]
   392 | D        | Gained mutation: Your muscles are strong. (Str +2) [potion of mutation]
   392 | D        | Gained mutation: You are resistant to electric shocks. (rElec) [potion of mutation]
   393 | D        | Lost mutation: You have a pair of small horns on your head. [potion of mutation]
   393 | D        | Lost mutation: You are resistant to electric shocks. (rElec) [potion of mutation]
   393 | D        | Gained mutation: Your mind is acute. (Int +2) [potion of mutation]
   393 | D        | Gained mutation: You can translocate small distances at will. [potion of mutation]
   393 | D        | Gained mutation: You have sharp toenails. [potion of mutation]
   393 | D        | Gained mutation: Your flesh is heat resistant. (rF+) [potion of mutation]
   394 | D        | Lost mutation: Your mind is acute. (Int +2) [potion of mutation]
   394 | D        | Lost mutation: You can translocate small distances at will. [potion of mutation]
   394 | D        | Lost mutation: Your muscles are strong. (Str +2) [potion of mutation]
   394 | D        | Gained mutation: Armour fits poorly on your strangely shaped body. [potion of mutation]
   394 | D        | Gained mutation: You have a pair of small horns on your head. [potion of mutation]
   394 | D        | Gained mutation: Your muscles are strong. (Str +2) [potion of mutation]
   395 | D        | Lost mutation: Your flesh is heat resistant. (rF+) [potion of mutation]
   395 | D        | Lost mutation: Armour fits poorly on your strangely shaped body. [potion of mutation]
   395 | D        | Lost mutation: You have sharp toenails. [potion of mutation]
   395 | D        | Gained mutation: You possess an exceptional clarity of mind. [potion of mutation]
   395 | D        | Gained mutation: Your muscles are very strong. (Str +4) [potion of mutation]
   396 | D        | Lost mutation: Your muscles are very strong. (Str +4) [potion of mutation]
   396 | D        | Lost mutation: You have a pair of small horns on your head. [potion of mutation]
   396 | D        | Gained mutation: You are frail. (-10% HP) [potion of mutation]
   396 | D        | Gained mutation: Your spells are a little harder to cast, but a little more powerful. [potion of mutation]
   396 | D        | Gained mutation: You are agile. (Dex +2) [potion of mutation]
   436 | D        | Noticed a water elemental
   439 | D        | Killed a water elemental
   439 | D        | Reached skill level 6 in Spellcasting
   439 | D        | Reached XP level 4. HP: 10/24 MP: 8/14
   616 | D        | Learned a level 4 spell: Sticky Flame
   616 | D        | Found a radiant altar of Vehumet.
   617 | D        | Found a deep blue altar of Sif Muna.
   617 | D        | Found an ancient bone altar of Kikubaaqudgha.
   617 | D        | Noticed a wizard
   618 | D        | Killed a wizard
   618 | D        | Reached skill level 5 in Dodging
   618 | D        | Reached skill level 7 in Spellcasting
   618 | D        | Reached skill level 5 in Fire Magic
   620 | D        | Reached XP level 5. HP: 28/28 MP: 5/17
   633 | D        | Learned a level 5 spell: Fireball
   641 | D        | Became a worshipper of Vehumet
   703 | D        | Found a glowing silver altar of Zin.
   704 | D        | Found a glowing golden altar of the Shining One.
   704 | D        | Found a white marble altar of Elyvilon.
   704 | D        | Noticed a deep elf mage
   712 | D        | Killed a deep elf mage
   712 | D        | Reached skill level 10 in Spellcasting
   712 | D        | Reached XP level 6. HP: 19/35 MP: 10/21
   712 | D        | Reached XP level 7. HP: 21/39 MP: 10/23
   863 | D        | Found a hide-covered altar of Uskayaw.
   863 | D        | Found a roughly hewn altar of Beogh.
   863 | D        | Found an iron altar of Okawaru.
   863 | D        | Found a bloodstained altar of Trog.
   863 | D        | Noticed a human
   865 | D        | Noticed a human
   868 | D        | Killed a human
   868 | D        | Reached skill level 11 in Spellcasting
   871 | D        | Killed a human
   871 | D        | Reached * piety under Vehumet
   871 | D        | Offered knowledge of Shock by Vehumet.
   871 | D        | Reached skill level 5 in Armour
   874 | D        | Learned a level 1 spell: Shock
  1092 | D        | Found a basalt altar of Yredelemnul.
  1092 | D        | Found a shadowy altar of Dithmenos.
  1092 | D        | Found a sacrificial altar of Ru.
  1095 | D        | Reached skill level 5 in Fighting
  1163 | D        | Reached skill level 1 in Air Magic
  1165 | D        | Noticed a shadow
  1173 | D        | Killed a shadow
  1173 | D        | Reached ** piety under Vehumet
  1173 | D        | Offered knowledge of Freeze by Vehumet.
  1173 | D        | Reached skill level 5 in Short Blades
  1173 | D        | Reached skill level 12 in Spellcasting
  1173 | D        | Reached XP level 8. HP: 43/43 MP: 16/26
  1184 | D        | Learned a level 1 spell: Freeze
  1224 | D        | Found a blossoming altar of Fedhas.
  1224 | D        | Found a stormy altar of Qazlal.
  1224 | D        | Found a snail-covered altar of Cheibriados.
  1224 | D        | Found a burning altar of Makhleb.
  1224 | D        | Found a shimmering altar of Xom.
  1225 | D        | Found a hazy altar of Hepliaklqana.
  1225 | D        | Found an opulent altar of Gozag.
  1225 | D        | Found a sparkling altar of Nemelex Xobeh.
  1225 | D        | Found a corrupted altar of Lugonu.
  1225 | D        | Found a viscous altar of Jiyva.
  1772 | D        | Noticed Snorg
  1783 | D        | Killed Snorg
  1783 | D        | Reached skill level 13 in Spellcasting
  1783 | D        | Reached XP level 9. HP: 10/48 MP: 11/28
  2032 | D        | Noticed an orc sorcerer
  2033 | D        | Offered knowledge of Mephitic Cloud by Vehumet.
  2034 | D        | Noticed an orc high priest
  2035 | D        | Reached *** piety under Vehumet
  2036 | D        | Noticed a rust devil
  2044 | D        | Killed an orc sorcerer
  2044 | D        | Reached **** piety under Vehumet
  2078 | D        | Killed an orc high priest
  2078 | D        | Reached skill level 14 in Spellcasting
  2302 | D        | Learned a level 3 spell: Mephitic Cloud
  2303 | D        | Offered knowledge of Stone Arrow by Vehumet.
  2308 | D        | Learned a level 3 spell: Stone Arrow
  2318 | D        | Offered knowledge of Lightning Bolt by Vehumet.
  2320 | D        | Reached ***** piety under Vehumet
  2327 | D        | Learned a level 5 spell: Lightning Bolt
  2340 | D        | Offered knowledge of Bolt of Fire by Vehumet.
  2506 | D        | Found Rirhih's Weapon Shop.
  2567 | D        | Bought a +3 dagger of draining for 267 gold pieces
  2747 | D        | Noticed a deep elf knight
  2747 | D        | Noticed a deep elf mage
  2747 | D        | Noticed a deep elf knight
  2747 | D        | Noticed a deep elf knight
  2747 | D        | Noticed a deep elf mage
  2755 | D        | Killed a deep elf knight
  2755 | D        | Reached skill level 10 in Dodging
  2755 | D        | Reached skill level 5 in Ice Magic
  2755 | D        | Reached skill level 1 in Earth Magic
  2755 | D        | Reached skill level 1 in Poison Magic
  2760 | D        | Killed a deep elf knight
  2760 | D        | Reached skill level 5 in Air Magic
  2760 | D        | Reached XP level 10. HP: 54/54 MP: 18/30
  2760 | D        | Killed a deep elf knight
  2761 | D        | Killed a deep elf mage
  2782 | D        | Killed a deep elf mage
  2782 | D        | Offered knowledge of Bolt of Magma by Vehumet.
  2782 | D        | Reached skill level 15 in Spellcasting
  2783 | D        | Noticed a deep elf demonologist
  2793 | D        | Learned a level 5 spell: Bolt of Magma
  2797 | D        | Noticed a deep elf demonologist
  2980 | D        | Noticed a deep elf death mage
  2983 | D        | Noticed a deep elf demonologist
  2989 | D        | Killed a deep elf demonologist
  2989 | D        | Reached skill level 1 in Shields
  2989 | D        | Reached skill level 10 in Fire Magic
  2992 | D        | Noticed a deep elf death mage
  3154 | D        | Noticed a deep elf blademaster
  3156 | D        | Noticed a shadow demon
  3395 | D        | Killed a deep elf death mage
  3458 | D        | Killed a deep elf demonologist
  3458 | D        | Reached XP level 11. HP: 60/60 MP: 28/32
  3461 | D        | Noticed a deep elf demonologist
  3465 | D        | Killed a deep elf demonologist
  3465 | D        | Reached skill level 16 in Spellcasting
  3465 | D        | Reached skill level 10 in Conjurations
  3465 | D        | Reached skill level 5 in Earth Magic
  3465 | D        | Reached skill level 5 in Poison Magic
  3694 | D        | Noticed an Ice Fiend
  3696 | D        | Noticed a cacodemon
  3712 | D        | Gained mutation: Scrolls take you a little longer to read. [a cacodemon]
  3920 | D        | Noticed a centaur warrior
  3932 | D        | Killed a centaur warrior
  4062 | D        | Noticed an unseen horror
  4063 | D        | Killed an unseen horror
  4137 | D        | Offered knowledge of Spellforged Servitor by Vehumet.
  4265 | D        | Reached ****** piety under Vehumet
  4456 | D        | Offered knowledge of Lee's Rapid Deconstruction by Vehumet.
  4561 | D        | Learned a level 5 spell: Lee's Rapid Deconstruction
  4683 | D        | Reached skill level 17 in Spellcasting
  4705 | D        | Offered knowledge of Bolt of Cold by Vehumet.
  5051 | D        | Noticed a lindwurm
  5054 | D        | Killed a lindwurm
  5255 | D        | Noticed Urug
  5259 | D        | Killed Urug
  5352 | D        | Reached XP level 12. HP: 65/67 MP: 27/35
  5381 | D        | Offered knowledge of Poison Arrow by Vehumet.
  5517 | D        | Noticed Rupert
  5518 | D        | Paralysed by Rupert for 5 turns
  5550 | D        | Paralysed by Rupert for 7 turns
  5556 | D        | Mangled by Rupert

Vault maps used:
D:        dungeon_sprint_mu

Skill      XL: |  1  2  3  4  5  6  7  8  9 10 11 12 |
---------------+-------------------------------------+-----
Spellcasting   | 5 6 7 10 12 13 14 15 17 | 17.5
Dodging        | 3 4 5 7 8 9 10 | 10.4
Fighting       | 1 2 4 5 6 7 8 |  8.4
Armour         | 1 2 4 5 6 7 8 |  8.5
Conjurations   | 2 3 4 6 7 9 10 11 | 11.0
Fire Magic     | 4 5 6 7 8 9 10 11 | 11.5
Short Blades   | 3 5 7 8 9 |  9.5
Air Magic      | 1 3 5 6 7 8 |  8.0
Ice Magic      | 3 5 6 8 |  8.8
Earth Magic    | 2 4 6 7 |  7.0
Poison Magic   | 2 4 6 7 |  7.0
Shields        | 2 4 |  4.4
Stealth        | |  2.4

Action                   |  1- 3 |  4- 6 |  7- 9 | 10-12 || total
-------------------------+-------+-------+-------+-------++-------
Melee: Dagger            |       |     1 |     5 |     7 ||    13
 Cast: Flame Tongue      |    25 |     1 |    71 |    29 ||   126
       Throw Flame       |     1 |       |     2 |     2 ||     5
       Conjure Flame     |     1 |       |     6 |     3 ||    10
       Sticky Flame      |       |     3 |     4 |     6 ||    13
       Fireball          |       |       |     5 |     8 ||    13
       Stone Arrow       |       |       |     9 |     4 ||    13
       Lightning Bolt    |       |       |     3 |    18 ||    21
       Mephitic Cloud    |       |       |     2 |     7 ||     9
       Inner Flame       |       |       |     2 |       ||     2
       Bolt of Magma     |       |       |       |    44 ||    44
  Use: Potion            |     6 |       |     2 |     2 ||    10
       Scroll            |       |     5 |     2 |     1 ||     8
 Stab: Sleeping          |       |     1 |       |       ||     1
       Confused          |       |       |       |     1 ||     1
  Eat: Fruit             |       |       |     7 |       ||     7
       Royal jelly       |       |       |       |     7 ||     7
       Chunk             |       |       |       |     2 ||     2
Armor: Robe              |     2 |       |     2 |       ||     4
Dodge: Dodged            |    10 |     2 |    24 |    17 ||    53
Block: Buckler           |       |       |       |     8 ||     8
